 Dungeon Crawl Stone Soup version 0.26.1-11-gd32895ea62 (webtiles) character file.

Game seed: 7007926136474054130

123 ZoeForever1 the Ruffian (level 4, -3/36 HPs)
             Began as a Draconian Transmuter on June 29, 2021.
             Killed by nerve-wracking pain
             ... invoked by an orc priest
              (7 damage)
             ... on level 3 of the Dungeon.
             The game lasted 00:04:16 (2788 turns).

ZoeForever1 the Ruffian (Draconian Transmuter)      Turns: 2788, Time: 00:04:17

Health: -3/36      AC:  7    Str: 12    XL:     4   Next: 79%
Magic:  7/7        EV: 12    Int: 15    God:
Gold:   63         SH:  0    Dex: 11    Spells: 3/7 levels left

rFire    . . .     SeeInvis .     - Unarmed
rCold    . . .     Faith    .   (no shield)
rNeg     . . .     Spirit   .   (armour unavailable)
rPois    .         Reflect  .   (helmet restricted)
rElec    .         Harm     .   c - +0 cloak (curse)
rCorr    .         Rampage  .   d - +0 pair of gloves
Will     .....                  (no boots)
Stlth    +.........             (no amulet)
HPRegen  0.12/turn              (no ring)
MPRegen  0.10/turn              (no ring)

@: no status effects
A: unfitting armour, cold-blooded, AC +5
a: no special abilities


You were on level 3 of the Dungeon.
You visited 1 branch of the dungeon, and saw 3 of its levels.

You collected 63 gold pieces.

Inventory:

Missiles
 i - 5 javelins (quivered)
Armour
 c - a cursed +0 cloak (worn)
 d - a +0 pair of gloves (worn)
Wands
 l - a wand of paralysis (7)
Scrolls
 a - a scroll of enchant armour {unknown}
 b - 3 scrolls of remove curse {unknown}
 f - 3 scrolls of identify {unknown}
 g - a scroll of blinking {unknown}
 k - 2 scrolls of enchant weapon {unknown}
 n - a scroll of random uselessness {unknown}
 o - a scroll of noise {unknown}
 p - a scroll of teleportation {unknown}
Potions
 e - a potion of mutation {unknown}
 h - a potion of cancellation {unknown}
 j - a potion of lignification {unknown}
 m - a potion of curing {unknown}
 q - 2 potions of heal wounds {unknown}


   Skills:
 + Level 1.7 Fighting
 + Level 2.2 Dodging
 * Level 4.7 Unarmed Combat
 + Level 2.1 Spellcasting
 * Level 2.2 Transmutations
 * Level 1.2 Poison Magic


You had 3 spell levels left.
You knew the following spells:

 Your Spells              Type           Power        Failure   Level
a - Beastly Appendage     Tmut           16%          9%          1
b - Spider Form           Tmut/Pois      3%           32%         3

Your spell library contained the following spells:

 Spells                   Type           Power        Failure   Level
 Wereblood                Tmut           8%           13%         2
 Ice Form                 Ice/Tmut       4%           80%         4
 Blade Hands              Tmut           4%           94%         5


Dungeon Overview and Level Annotations

Branches:
Dungeon (3/15)

Altars:
Zin


Innate Abilities, Weirdness & Mutations

Your plain brown scales are hard. (AC +5)
You cannot fit into any form of body armour.
You are cold-blooded and may be slowed by cold attacks.


Message History

The orc wizard hits you with a +0 dagger.
The orc throws a boomerang.
The boomerang closely misses you.
The weapon returns to the orc!
The orc wizard misses you.
You are too injured to fight recklessly!
You are too injured to fight recklessly!
The orc wizard casts a spell at you. The magic dart hits you.
The orc throws a boomerang.
The boomerang hits you but does no damage.
The weapon returns to the orc!
The orc wizard gestures wildly while chanting.
The orc wizard blinks!
The orc throws a boomerang.
The boomerang hits you but does no damage.
The weapon returns to the orc!
The orc priest calls down the wrath of Beogh upon you.
Beogh smites you!
* * * LOW HITPOINT WARNING * * *
There is a stone staircase leading down here.
The orc priest mumbles some strange prayers to Beogh against you.
Pain shoots through your body!
You die...

####o..#
######......#
#......o....#
#.####.##.### #.
#o##.# #. #.##.#
#.####o##.### #
#...........#.#
#..@..#.###.#.#
#.......# #...
#.....#.###.###
#.....#.†...#
#..#......#.#
###.#######.# #.#
#.#
#########.#######.#
..................#


You could see an orc priest.

Vanquished Creatures
  Jessica (D:2)
  3 adders (D:2)
  A worm (D:2)
  3 dart slugs (D:1)
  4 leopard geckos
  4 giant cockroaches
  6 goblins
  5 hobgoblins
  4 jackals
  7 kobolds
  4 quokkas (D:2)
  6 bats
  A frilled lizard (D:3)
  6 rats
55 creatures vanquished.

Vanquished Creatures (others)
  4 toadstools (D:1)
4 creatures vanquished.

Grand Total: 59 creatures vanquished

Notes
Turn   | Place    | Note
-------+----------+-------------------------------------------
     0 | D:1      | ZoeForever1 the Draconian Transmuter began the quest for
                  | the Orb.
     0 | D:1      | Reached XP level 1. HP: 16/16 MP: 3/3
   410 | D:1      | Reached XP level 2. HP: 17/23 MP: 3/5
   919 | D:1      | Reached XP level 3. HP: 28/28 MP: 4/6
  1025 | D:1      | Reached skill level 4 in Unarmed Combat
  1399 | D:1      | Learned a level 3 spell: Spider Form
  1665 | D:2      | Found a glowing silver altar of Zin.
  2012 | D:2      | Noticed Jessica
  2019 | D:2      | Killed Jessica
  2020 | D:2      | Reached skill level 1 in Poison Magic
  2020 | D:2      | Reached XP level 4. HP: 36/36 MP: 5/7
  2788 | D:3      | Killed from afar by an orc priest

Illustrated notes

Levels and vault maps discovered:
D:1:      ldierk_walled_garden_2, layout_basic
D:2:      layout_basic, old_standard_altar, uniq_jessica
D:3:      layout_loops_ring, minmay_overflow_temple_star_hex

Skill      XL: |  1  2  3  4 |
---------------+-------------+-----
Unarmed Combat | 4 |  4.7
Poison Magic   | 1 |  1.2
Dodging        | 2 |  2.2
Fighting       | |  1.7
Spellcasting   | |  2.1
Transmutations | |  2.2

Action                   |  1- 3 |  4- 6 || total
-------------------------+-------+-------++-------
Melee: Unarmed           |   125 |    55 ||   180
       Kick              |    13 |     1 ||    14
       Tailslap          |    12 |     4 ||    16
       Headbutt          |     3 |     1 ||     4
       Punch             |     1 |       ||     1
 Cast: Beastly Appendage |    13 |     3 ||    16
 Stab: Sleeping          |     2 |       ||     2
Armor: Skin              |    34 |    18 ||    52
Dodge: Dodged            |    76 |    28 ||   104
